 Dungeon Crawl Stone Soup version 0.21.1-1-g345015f (webtiles) character file.

44623 Solrac the Peltast (level 13, 0/124 HPs)
             Began as a Minotaur Fighter on Mar 17, 2018.
             Was an Elder of the Shining One.
             Killed from afar by a merfolk aquamancer (14 damage)
             ... with a torrent of water
             ... on level 1 of the Shoals.
             The game lasted 01:28:56 (20809 turns).

Solrac the Peltast (Minotaur Fighter)              Turns: 20809, Time: 01:28:58

Health: 0/124      AC: 24    Str: 27    XL:     13   Next: 97%
Magic:  9/12       EV: 11    Int: 12    God:    the Shining One [****..]
Gold:   1101       SH: 21    Dex: 20    Spells: 12/12 levels left

rFire    + + .     SeeInvis .   t - +4 flail of Infinite Pain {crush, Int+4 Dex+3}
rCold    + . .     Gourm    .   c - +0 shield
rNeg     + + +     Faith    .   Q - +0 plate armour
rPois    +         Spirit   .   M - +2 hat
rElec    +         Reflect  .   U - +0 cloak
rCorr    +         Harm     +   P - +0 pair of gloves
MR       .....                  H - +1 pair of boots "Fymnunk" {*Contam rElec rN+ Int+3}
Stlth    ..........             y - amulet of harm
HPRegen  0.30/turn              k - ring of protection from fire
MPRegen  0.13/turn              V - +3 ring of dexterity

@: mighty, divine shield, resistant, barbed spikes, mesmerised, very slightly
contaminated, glowing, very slow
A: retaliatory headbutt, horns 2
a: Divine Shield, Cleansing Flame, Renounce Religion


You were on level 1 of the Shoals.
You worshipped the Shining One.
The Shining One was greatly pleased with you.
You were not hungry.

You visited 5 branches of the dungeon, and saw 21 of its levels.

You collected 1101 gold pieces.

Inventory:

Hand Weapons
 a - a +2 flail of freezing
 t - the +4 flail of Infinite Pain (weapon) {crush, Int+4 Dex+3}
   (You acquired it on level 11 of the Dungeon)

   It inflicts extra damage upon your enemies.
   It affects your intelligence (+4).
   It affects your dexterity (+3).
 K - a +2 mace of venom
Missiles
 i - 544 stones
 w - 5 poisoned tomahawks (quivered)
 x - a throwing net
 C - 9 tomahawks
 F - 10 tomahawks of dispersal
 T - 5 javelins
Armour
 c - a +0 shield (worn)
 l - a +0 troll leather armour
 H - the +1 pair of boots "Fymnunk" (worn) {*Contam rElec rN+ Int+3}
   (You acquired it on level 3 of the Lair of Beasts)

   It affects your intelligence (+3).
   It insulates you from electricity.
   It protects you from negative energy.
   It causes magical contamination when unequipped.
 M - a +2 hat (worn)
 P - a +0 pair of gloves (worn)
 Q - a +0 plate armour (worn)
 U - a +0 cloak (worn)
Jewellery
 k - a ring of protection from fire (left hand)
 y - an amulet of harm (around neck)
 E - an uncursed ring of positive energy
 N - an uncursed ring of resist corrosion
 V - a +3 ring of dexterity (right hand)
Wands
 b - a wand of iceblast (18)
 m - a wand of enslavement (19)
 A - a wand of acid (8)
 J - a wand of polymorph (17)
 L - a wand of flame (24)
 W - a wand of disintegration (14)
Scrolls
 e - 4 scrolls of amnesia
 j - 6 scrolls of fear
 n - 3 scrolls of magic mapping
 o - 7 scrolls of teleportation
 q - 3 scrolls of fog
 r - 3 scrolls of blinking
 s - 4 scrolls of enchant weapon
 D - 8 scrolls of remove curse
 G - a scroll of summoning
 I - a scroll of brand weapon
 R - 2 scrolls of identify
Potions
 g - 3 potions of resistance
 h - 2 potions of magic
 p - 10 potions of curing
 u - 3 potions of brilliance
 z - 3 potions of agility
 O - 3 potions of flight
 S - a potion of ambrosia
Miscellaneous
 v - a sack of spiders
Comestibles
 f - 26 rations


   Skills:
 * Level 14.0 Fighting
 + Level 14.0 Maces & Flails
 * Level 14.0 Armour
 + Level 5.1 Dodging
 + Level 15.0 Shields


You had 12 spell levels left.
You didn't know any spells.

Dungeon Overview and Level Annotations

Branches:
Dungeon (12/15)            Temple (1/1) D:4            Lair (6/6) D:8
 Shoals (1/4) Lair:2       Spider (0/4) Lair:3        Slime (0/5) Lair:5
    Orc (1/2) D:10

Altars:
Ashenzari
Cheibriados
Dithmenos
Elyvilon
Fedhas
Gozag
Hepliaklqana
Kikubaaqudgha
Makhleb
Nemelex Xobeh
Okawaru
Qazlal
Ru
Sif Muna
Trog
Uskayaw
Vehumet
Wu Jian
Xom
Yredelemnul
Zin
The Shining One
Jiyva

Shops:
D:4 [

Annotations:
D:12 Azrael; Solrac's ghost, journeyman FoFi


Innate Abilities, Weirdness & Mutations

You reflexively headbutt those who attack you in melee.
You have a pair of horns on your head.


Message History

The wind drake is engulfed in a cloud of scalding steam.
The wind drake flaps its wings at you. The air twists around and strikes you!
The merfolk siren chants its luring song.
Your plate armour prevents you from hitting the wind drake.
The wind drake is lightly wounded.
The wind drake is engulfed in a cloud of scalding steam.
You block the wind drake's attack.
The merfolk siren chants its luring song.
You thump the wind drake! You headbutt the wind drake!
The wind drake is severely wounded.
The wind drake bites you.
* * * LOW HITPOINT WARNING * * *
Your unstable footing causes you to fumble your attack.
The merfolk siren chants its luring song.
You block the manticore's attack. x3
The merfolk aquamancer is engulfed in a cloud of scalding steam.
The merfolk aquamancer points at you and mumbles some strange words.
The torrent of water hits you!
You die...

... .....≈. #####..?##...
$≈≈.... #.......##..##...≈.#
## .................≈.# . #.
##....≈≈≈≈....≈....#. ..####.
#....≈≈≈≈≈.≈......... ≈....#.
#.≈...≈≈≈§≈≈≈......#
≈......###...≈..§H≈≈≈≈≈....##
≈≈.............≈@k≈≈≈.≈≈≈..#
≈≈..#
#.........≈≈m≈..≈≈≈....$
≈≈..#
#..≈....§≈m≈≈≈≈≈≈≈≈...##
≈≈≈.###..≈...§..§≈≈≈.≈≈≈≈..##
≈≈≈≈...≈≈.##.§§§≈≈≈≈≈..≈≈..#
≈≈≈≈............§≈..≈≈≈≈≈..#
≈≈≈≈..#....§..§§§.!...≈≈≈.
..≈≈..#.≈≈≈≈§.§§§≈##....≈.
...≈....≈≈§§≈.....# ......


You could see a merfolk aquamancer, a wind drake, a manticore and a merfolk
siren.

Vanquished Creatures
  Gastronok (Lair:1)
  Fannar (D:10)
  A catoblepas (Lair:4)
  2 hydras
  Erica (D:8)
  4 two-headed ogres
  6 death yaks (Lair:5)
  Urug (Lair:3)
  3 fauns (Shoals:1)
  3 manticores
  The ghost of buskinjo the Thrower, a novice OgHu (D:4)
  6 elephants
  A merfolk siren (Shoals:1)
  4 black mambas
  3 rime drakes
  12 spiny frogs
  11 komodo dragons
  3 trolls
  2 merfolk (Shoals:1)
  Prince Ribbit (Lair:3)
  7 blink frogs (Lair:3)
  7 hippogriffs
  5 dream sheep (Lair:5)
  A tarantella (Lair:3)
  A wraith (D:10)
  A spriggan (D:10)
  4 water elementals (Shoals:1)
  42 yaks
  A wyvern (D:8)
  2 basilisks
  Grum (D:11)
  A hungry ghost (D:7)
  Edmund (D:4)
  9 water moccasins
  4 orc warriors
  10 porcupines
  2 sky beasts
  A black bear (D:11)
  3 ogres
  3 wolves (D:11)
  4 centaurs
  6 crocodiles
  4 big kobolds
  10 bullfrogs
  5 scorpions
  A water moccasin skeleton (D:7)
  8 killer bees (D:11)
  3 howler monkeys
  5 wights
  6 crimson imps
  3 bullfrog zombies
  A quasit (D:10)
  A centaur zombie (D:11)
  A jelly (D:2)
  10 orc priests
  2 bullfrog skeletons
  2 hounds
  9 orc wizards
  2 iguanas (D:10)
  4 worker ants
  A killer bee zombie (D:8)
  2 hound zombies
  2 hound skeletons
  A howler monkey zombie (D:11)
  13 adders
  7 gnolls (D:6)
  2 shadow imps
  10 oozes
  An adder skeleton (D:8)
  4 worms
  3 dart slugs
  6 leopard geckos
  30 orcs
  3 ball pythons
  2 giant cockroaches
  11 goblins
  8 hobgoblins
  14 jackals
  29 kobolds
  8 quokkas
  9 bats
  5 frilled lizards
  A jackal skeleton (D:4)
  6 rats
438 creatures vanquished.

Vanquished Creatures (others)
  3 fungi
  4 plants
  6 toadstools (D:2)
13 creatures vanquished.

Grand Total: 451 creatures vanquished

Notes
Turn   | Place    | Note
-------+----------+-------------------------------------------
     0 | D:1      | Solrac the Minotaur Fighter began the quest for the Orb.
     0 | D:1      | Reached XP level 1. HP: 19/19 MP: 0/0
   164 | D:1      | Reached XP level 2. HP: 24/27 MP: 1/1
   541 | D:1      | Reached XP level 3. HP: 33/33 MP: 2/2
   772 | D:2      | Reached skill level 4 in Shields
  1057 | D:2      | Reached XP level 4. HP: 37/40 MP: 3/3
  1400 | D:2      | Reached XP level 5. HP: 34/47 MP: 4/4
  2738 | D:3      | Reached skill level 5 in Maces & Flails
  2738 | D:3      | Reached XP level 6. HP: 55/55 MP: 5/5
  3092 | D:4      | Reached skill level 5 in Armour
  3092 | D:4      | Reached skill level 5 in Shields
  3097 | D:4      | Found Femosm's Armour Shoppe.
  3204 | D:4      | Reached skill level 5 in Fighting
  3293 | D:4      | Noticed buskinjo's ghost (novice OgHu)
  3696 | D:4      | Found a staircase to the Ecumenical Temple.
  3715 | Temple   | Entered the Ecumenical Temple
  3819 | Temple   | Became a worshipper of the Shining One
  3908 | D:4      | Noticed Edmund
  3926 | D:4      | Killed Edmund
  3926 | D:4      | Reached XP level 7. HP: 30/61 MP: 6/6
  4056 | D:4      | Killed buskinjo's ghost
  4056 | D:4      | Reached skill level 6 in Shields
  4120 | D:4      | Found a blossoming altar of Fedhas.
  4149 | D:4      | Reached XP level 8. HP: 32/70 MP: 7/7
  4724 | D:5      | Entered Level 5 of the Dungeon
  4892 | D:5      | Found a sparkling altar of Nemelex Xobeh.
  5528 | D:5      | Found a bloodstained altar of Trog.
  5857 | D:6      | Reached skill level 7 in Shields
  6461 | D:7      | Reached * piety under the Shining One
  6472 | D:7      | Reached XP level 9. HP: 49/79 MP: 8/8
  6475 | D:7      | Reached skill level 8 in Shields
  7388 | D:8      | Noticed Erica
  7411 | D:8      | Killed Erica
  7411 | D:8      | Reached skill level 9 in Shields
  7644 | D:8      | Found a staircase to the Lair.
  7755 | D:8      | Noticed a two-headed ogre
  8123 | D:8      | Reached ** piety under the Shining One
  8567 | D:8      | Reached skill level 10 in Maces & Flails
  8756 | D:8      | Reached XP level 10. HP: 90/90 MP: 9/9
  8932 | D:8      | Killed a two-headed ogre
  8932 | D:8      | Reached skill level 10 in Shields
 10073 | D:10     | Entered Level 10 of the Dungeon
 10093 | D:10     | Noticed a two-headed ogre
 10101 | D:10     | Killed a two-headed ogre
 10174 | D:10     | Noticed a manticore
 10185 | D:10     | Killed a manticore
 10551 | D:10     | Reached XP level 11. HP: 81/99 MP: 10/10
 10615 | D:10     | Reached *** piety under the Shining One
 10628 | D:10     | Reached skill level 10 in Armour
 10632 | D:10     | Reached skill level 10 in Fighting
 10939 | D:10     | Reached skill level 11 in Shields
 11030 | D:10     | Noticed Fannar
 11048 | D:10     | Killed Fannar
 11427 | D:10     | Found a staircase to the Orcish Mines.
 11434 | Orc:1    | Entered Level 1 of the Orcish Mines
 12227 | D:11     | Identified a scroll of acquirement
 12229 | D:11     | Got a shimmering flail
 12230 | D:11     | Identified the +4 flail of Infinite Pain {crush, Int+4 Dex+3} (You acquired it on level 11 of the Dungeon)
 12259 | D:11     | Noticed a two-headed ogre
 12260 | D:11     | Noticed Grum
 12288 | D:11     | Killed a two-headed ogre
 12290 | D:11     | Killed Grum
 12425 | D:12     | Noticed a two-headed ogre
 12439 | D:12     | Killed a two-headed ogre
 12441 | D:12     | Reached **** piety under the Shining One
 12444 | D:12     | Noticed Azrael
 12625 | D:12     | Noticed Solrac's ghost (journeyman FoFi)
 13027 | Lair:1   | Entered Level 1 of the Lair of Beasts
 13505 | Lair:1   | Noticed Gastronok
 13512 | Lair:1   | Noticed a four-headed hydra
 13515 | Lair:1   | Killed Gastronok
 13515 | Lair:1   | Reached XP level 12. HP: 96/110 MP: 11/11
 13522 | Lair:1   | Killed a four-headed hydra
 13522 | Lair:1   | Reached skill level 12 in Shields
 15103 | Lair:2   | Reached skill level 13 in Shields
 15233 | Lair:2   | Found a staircase to the Shoals.
 15891 | Lair:3   | Noticed Urug
 15907 | Lair:3   | Killed Urug
 15965 | Lair:3   | Reached skill level 14 in Shields
 15999 | Lair:3   | Noticed a six-headed hydra
 16005 | Lair:3   | Killed a six-headed hydra
 16053 | Lair:3   | Noticed Prince Ribbit
 16068 | Lair:3   | Reached XP level 13. HP: 119/119 MP: 12/12
 16069 | Lair:3   | Killed Prince Ribbit
 16157 | Lair:3   | Found a hole to the Spider Nest.
 16330 | Lair:3   | Got a pair of smoking boots
 16341 | Lair:3   | Identified the +1 pair of boots "Fymnunk" {*Contam rElec rN+ Int+3} (You acquired it on level 3 of the Lair of Beasts)
 17690 | Lair:5   | Reached skill level 15 in Shields
 18019 | Lair:5   | Found a viscous altar of Jiyva.
 18020 | Lair:5   | Found a staircase to the Slime Pits.
 18076 | Lair:5   | Reached skill level 1 in Dodging
 20256 | Lair:6   | Entered Level 6 of the Lair of Beasts
 20400 | Shoals:1 | Entered Level 1 of the Shoals
 20443 | Shoals:1 | Reached skill level 5 in Dodging
 20809 | Shoals:1 | Killed from afar by a merfolk aquamancer

Skill      XL: |  1  2  3  4  5  6  7  8  9 10 11 12 13 |
---------------+----------------------------------------+-----
Maces & Flails | 3 4 5 6 7 8 10 12 13 14 | 14.0
Armour         | 4 5 6 7 8 9 11 12 14 | 14.0
Fighting       | 4 5 6 7 8 9 11 12 14 | 14.0
Shields        | 4 5 6 7 9 10 11 14 15 | 15.0
Dodging        | 5 |  5.1

Action                   |  1- 3 |  4- 6 |  7- 9 | 10-12 | 13-15 || total
-------------------------+-------+-------+-------+-------+-------++-------
Melee: Flail             |   108 |   170 |   273 |   428 |   317 ||  1296
       Headbutt          |    15 |    37 |    54 |   130 |    92 ||   328
       Morningstar       |       |       |     7 |       |       ||     7
       Mace              |       |       |       |   104 |       ||   104
Throw: Tomahawk          |       |       |       |     4 |     1 ||     5
Invok: Divine Shield     |       |       |       |       |     1 ||     1
  Use: Scroll            |       |     6 |     8 |     6 |    12 ||    32
       Potion            |       |       |       |       |     6 ||     6
  Eat: Chunk             |     1 |     9 |    13 |    24 |    11 ||    58
       Ration            |       |       |     1 |       |     1 ||     2
Armor: Scale mail        |    65 |    49 |       |       |       ||   114
       Chain mail        |       |    31 |   106 |       |       ||   137
       Plate armour      |       |       |    38 |   342 |   115 ||   495
Dodge: Dodged            |    32 |    46 |    60 |   107 |    53 ||   298
Block: Shield            |    68 |    93 |   145 |   411 |   162 ||   879
